 Dungeon Crawl Stone Soup version 0.31-a0-344-gd109795599 (webtiles) character file.

Game seed: 5004635845238171583

126 olmar the Ruffian (level 4, 0/48 HPs)
             Began as a Demonspawn Shapeshifter on July 21, 2023.
             Succumbed to an adder's poison
             ... on level 3 of the Dungeon.
             The game lasted 00:02:19 (2585 turns).

olmar the Ruffian (Demonspawn Shapeshifter)         Turns: 2585, Time: 00:02:20

Health: 0/48       AC: 22    Str: 17    XL:     4   Next: 83%
Magic:  4/4        EV:  2    Int: 10    God:
Gold:   161        SH:  0    Dex: 13    Spells: 3/3 levels left

rFire   . .          .
                       - Unarmed
rCold   . . .        (no shield)
rNeg    . . .        a - melded +0 animal skin
rPois   +            (helmet currently unavailable)
rElec   .            (cloak currently unavailable)
rCorr   .            (gloves currently unavailable)
SInv    .            (boots currently unavailable)
Will    .....        (no amulet)
Stlth   +            (no ring)
HPRegen 0.28/turn    (no ring)
MPRegen 0.09/turn

%: no passive effects
@: lethally poisoned (0 -> -3), tree-form
A: stationary, stasis, torment immunity, boosted hp, powered by death 1, (sturdy
frame 1)
a: no special abilities


You were on level 3 of the Dungeon.
You were a tree.
You visited 1 branch of the dungeon, and saw 4 of its levels.

You collected 161 gold pieces.

Inventory:

Armour
 a - a +0 animal skin (melded)
 f - a +0 pair of boots
Jewellery
 m - a +6 ring of intelligence
Talismans
 c - a beast talisman
Scrolls
 e - a scroll of acquirement
 g - 2 scrolls of revelation
 h - 3 scrolls of teleportation
 i - 2 scrolls of poison
 k - 2 scrolls of fog
 o - a scroll of enchant armour
Potions
 j - 3 potions of curing
 l - 2 potions of mutation
 n - a potion of haste


   Skills:
 + Level 1.2 Fighting
 + Level 2.5 Dodging
 + Level 0.5 Stealth
 + Level 4.0 Unarmed Combat
 + Level 3.2 Shapeshifting


You had 3 spell levels left.
You didn't know any spells.
Your spell library was empty.

Dungeon Overview and Level Annotations

Branches:
Dungeon (4/15)
 Temple: D:4-7

Altars:
Cheibriados

Shops:
D:2 ((=


Innate Abilities, Weirdness & Mutations

You are a tree.
Your roots penetrate the ground, keeping you stationary.
You cannot be teleported.
You are immune to unholy pain and torment.
Your maximum health is greatly increased.
Your equipment is partially melded.
You regenerate a little health from kills.
((Your movements are slightly less encumbered by armour. (ER -2)))


Message History

Unknown command.
You hit the dart slug.
The dart slug is severely wounded.
Unknown command.
You hit the dart slug.
The dart slug is almost dead.
The dart slug closely misses you. The adder closely misses you.
Unknown command.
You hit the dart slug.
You kill the dart slug!
The adder bites you.
Your Unarmed Combat skill increases to level 4!
Unknown command.
You miss the adder. The ball python closely misses you.
The ball python grabs you. The ball python constricts you. The adder bites you.
You are poisoned.
The adder poisons you!
Unknown command.
You punch the ball python!
You kill the ball python!
You feel sick. The adder misses you. The iguana bites you!
The orc barely misses you.
Unknown command.
You are too injured to fight recklessly!
You are too injured to fight recklessly!
You feel sick. The adder bites you.
You are more poisoned.
The adder poisons you! The iguana bites you!
* * * LOW HITPOINT WARNING * * *
The orc hits you but does no damage. The adder bites you but does no damage.
You climb upwards.
* * * LOW HITPOINT WARNING * * *
You feel very sick.
There is a stone staircase leading down here.
Really quaff the potion of lignification?
Your transformation has ended.
You turn into a tree.
Your +0 animal skin melds into your body.
Your roots penetrate the ground.
You die...

##################
...............o♣#
####.###########S#
#.# #l# #.# #.#
#.#
########.######
#.#
#.............#
#.#
#.######.####.#
####.# #.# #.# #.#
.....####[# #.#
#.#


You could see an iguana, an adder and an orc.

Vanquished Creatures
  A scorpion (D:3)
  A worm (D:3)
  3 dart slugs
  4 ball pythons
  8 bats
  6 endoplasms
  A giant cockroach (D:2)
  5 goblins (D:1)
  4 hobgoblins
  4 kobolds
  3 quokkas (D:1)
  8 frilled lizards
  6 rats
54 creatures vanquished.

Notes
Turn   | Place    | Note
-------+----------+-------------------------------------------
     0 | D:1      | olmar the Demonspawn Shapeshifter began the quest for the
                  | Orb.
     0 | D:1      | Reached XP level 1. HP: 15/15 MP: 1/1
   104 | D:1      | Gained mutation: You regenerate a little health from kills.
                  | [demonic ancestry]
   104 | D:1      | Reached XP level 2. HP: 15/21 MP: 2/2
   199 | D:1      | Reached skill level 3 in Unarmed Combat
   375 | D:1      | Reached XP level 3. HP: 23/26 MP: 3/3
   845 | D:2      | Found Nosope's Jewellery Emporium.
  1105 | D:2      | Found Hourph Utos's Weapon Boutique.
  1185 | D:2      | Found Seugoxtia's Weapon Shop.
  1191 | D:2      | Found a faded altar of an unknown god.
  1570 | D:3      | Found a snail-covered altar of Cheibriados.
  1719 | D:3      | Noticed a scorpion
  1729 | D:3      | Killed a scorpion
  1730 | D:3      | Gained mutation: Your movements are slightly less
                  | encumbered by armour. (ER -2) [demonic ancestry]
  1730 | D:3      | Reached XP level 4. HP: 15/32 MP: 4/4
  2545 | D:3      | Identified a scroll of acquirement
  2581 | D:4      | Reached skill level 4 in Unarmed Combat
  2584 | D:3      | HP: 1/32 [poisoned by an adder]
  2585 | D:3      | Succumbed to an adder's poison

Illustrated notes

Levels and vault maps discovered:
D:1:      co_arrival_square_in_a_square_in_a_square, layout_basic,
          minmay_heptomino_h4
D:2:      layout_loops_cross, serial_shops, nicolae_shop_waterfront, shop, shop,
          shapermc_ecumenical_altar_mp_highgroup
D:3:      layout_basic, cheibrodos_worm_habitat
D:4:      layout_cave_pools, grunt_temple_overflow_order_and_chaos_2,
          nicolae_yredelemnul_corpse_copse, minmay_liquid_box,
          minmay_door_square

Skill      XL: |  1  2  3  4 |
---------------+-------------+-----
Unarmed Combat | 3 4 |  4.0
Dodging        | 2 |  2.5
Shapeshifting  | 3 |  3.2
Fighting       | |  1.2
Stealth        | |  0.5

Action                     |  1- 3 |  4- 6 || total
---------------------------+-------+-------++-------
  Melee: Unarmed           |   129 |    15 ||   144
         Punch             |     1 |       ||     1
    Use: Scroll            |     1 |     8 ||     9
         Potion            |     1 |     1 ||     2
   Stab: Sleeping          |     1 |     2 ||     3
 Armour: Animal skin       |    32 |     2 ||    34
         Skin              |     1 |       ||     1
  Dodge: Dodged            |    69 |     7 ||    76

Table legend: (Time is in decaauts)
 A = Elapsed time spent in this place.
 B = Non-inter-level travel time spent in this place.
 C = Inter-level travel time spent in this place.
 D = Time resting spent in this place.
 E = Time spent auto-exploring this place.
 F = Levels seen in this place.
 G = Mean time per level.
                   A        B        C        D        E       F      G
               +--------+--------+--------+--------+--------+-----+--------+
         Total |   2586 |   2494 |     92 |     97 |   2071 |   4 |  646.5 |
       Dungeon |   2586 |   2494 |     92 |     97 |   2071 |   4 |  646.5 |
               +--------+--------+--------+--------+--------+-----+--------+

Top non-repeatable levels by time:
     D:3: 1148 daAuts
     D:2: 732 daAuts
     D:1: 696 daAuts
     D:4: 9 daAuts
